 Dungeon Crawl Stone Soup version 0.25.1-2-g60ff931df9 (webtiles) character file.

Game seed: 16526123645858847427

2455 MajorAdolf the Covert (level 9, 0/121 HPs)
             Began as a Naga Wanderer on Sept 17, 2020.
             Was an Initiate of Gozag.
             Slain by an orc warrior
             ... wielding a +0 war axe
              (12 damage)
             ... on level 7 of the Dungeon.
             The game lasted 00:15:10 (11062 turns).

MajorAdolf the Covert (Naga Wanderer)              Turns: 11062, Time: 00:15:10

Health: 0/121      AC: 24    Str: 15    XL:     9   Next: 50%
Magic:  12/12      EV:  1    Int: 15    God:    Gozag
Gold:   516        SH:  0    Dex: 11    Spells: 3/11 levels left

rFire    . . .     SeeInvis +   x - +3 hand axe (vorpal)
rCold    . . .     Gourm    .   (no shield)
rNeg     + + +     Faith    .   (armour currently unavailable)
rPois    +         Spirit   .   (helmet currently unavailable)
rElec    .         Reflect  .   (cloak currently unavailable)
rCorr    .         Harm     .   (gloves currently unavailable)
MR       +....     NoTele   +   (no barding)
Stlth    +++++.....             (no amulet)
HPRegen  0.30/turn              (no ring)
MPRegen  0.13/turn              (no ring)

@: tree-form
A: large, see invisible, slow metabolism 1, spit poison 1, AC +3
a: Spit Poison, Potion Petition, Call Merchant, Bribe Branch, Renounce Religion


You were on level 7 of the Dungeon.
You worshipped Gozag.
Gozag was pleased with you.
You were very hungry.
You were a tree.
You visited 2 branches of the dungeon, and saw 9 of its levels.

You collected 637 gold pieces.
You paid 121 gold pieces to Gozag.

Inventory:

Hand Weapons
 a - a +2 falchion
 e - a +0 dagger
 x - a +3 vorpal hand axe (weapon)
Missiles
 h - 6 curare-tipped darts (quivered)
Armour
 d - a +0 robe (melded)
 t - a +0 helmet (melded)
Wands
 o - a wand of paralysis (7)
 q - a wand of random effects (20)
Scrolls
 b - 2 scrolls of teleportation
 g - 2 scrolls of immolation {unknown}
 j - 5 scrolls of remove curse {unknown}
 k - 2 scrolls of identify
 n - 2 scrolls of magic mapping {unknown}
 p - 4 scrolls of amnesia {unknown}
 r - 2 scrolls of blinking {unknown}
 s - a scroll of fog {unknown}
 u - a scroll of enchant weapon {unknown}
 w - a scroll of noise {unknown}
 y - a scroll of acquirement {unknown}
 z - 2 scrolls of random uselessness {unknown}
Potions
 c - 2 potions of lignification
 i - 3 potions of degeneration
 l - 2 potions of curing
 m - 2 potions of mutation
 v - 3 potions of haste
 A - 2 potions of flight {unknown}
 B - a potion of heal wounds {unknown}
 C - 2 potions of cancellation {unknown}
Comestibles
 f - 8 rations


   Skills:
 - Level 5.3 Fighting
 - Level 4.0 Long Blades
 + Level 6.4 Axes
 - Level 1.5 Dodging
 + Level 11.2 Stealth
 + Level 1.7 Spellcasting
 + Level 1.8 Charms
 + Level 2.0 Translocations
 + Level 4.4 Evocations


You had 3 spell levels left.
You knew the following spells:

 Your Spells              Type           Power        Failure   Level  Hunger
a - Shroud of Golubria    Chrm/Tloc      #.....       16%         2    ###....
b - Blink                 Tloc           N/A          16%         2    ###....
c - Passage of Golubria   Tloc           N/A          69%         4    #####..

Your spell library contained the following spells:

 Spells                   Type           Power        Failure   Level  Hunger
 Apportation              Tloc           #.....       10%         1    ##.....
 Animate Skeleton         Necr           N/A          22%         1    ##.....
 Corona                   Hex            #......      22%         1    ##.....
 Summon Small Mammal      Summ           #...         22%         1    ##.....
 Gell's Gravitas          Tloc           #.........   30%         3    ####...
 Lesser Beckoning         Tloc           #.........   30%         3    ####...
 Teleport Other           Tloc           #.......     30%         3    ####...


Dungeon Overview and Level Annotations

Branches:
Dungeon (8/15)             Temple (1/1) D:6
   Lair: D:8-11

Altars:
Ashenzari
Dithmenos
Elyvilon
Fedhas
Gozag
Hepliaklqana
Makhleb
Okawaru
Ru
Sif Muna
Trog
Uskayaw
Xom
Yredelemnul
Zin

Shops:
D:7 [

Annotations:
D:4 exclusion: orc
D:8 Joseph


Innate Abilities, Weirdness & Mutations

You cannot wear boots.
((Your serpentine skin is tough. (AC +3)))
You have supernaturally acute eyesight. (SInv)
((Armour fits poorly on your strangely shaped body.))
((Your system is resistant to poisons. (rPois)))
((You cover ground very slowly.))
You have a slow metabolism.
You can spit poison.


Message History

The orc warrior is severely wounded.
The orc warrior hits you but does no damage.
You hit the orc warrior.
The orc warrior is severely wounded.
The orc warrior hits you with a +0 war axe.
* * * LOW HITPOINT WARNING * * *
You barely miss the orc warrior.
The orc warrior is severely wounded.
The orc warrior hits you with a +0 war axe.
* * * LOW HITPOINT WARNING * * *
You closely miss the orc warrior.
The orc warrior is severely wounded.
You hit the orc warrior but do no damage.
The orc warrior is severely wounded.
The orc warrior completely misses you.
You closely miss the orc warrior.
The orc warrior is severely wounded.
The orc warrior hits you with a +0 war axe!
You die...
Your body crumbles into a pile of gold.

..... # ###########...o.. #
#.........#......######
#...............o......
#.........#.....o######
#.........#............
#.........'............
#....o....#.... .......
#.....♣...# # ####.##
#.....))..# #.## #......[..#
#.#. #.........# #.#.
######).....##########.#.
#..<.)>............o.o...
#######.####......#####........
#.......# #......# #........
#.......# #......# #.......#


You could see an orc warrior.

Vanquished Creatures
  2 hippogriffs (D:8)
  A wyvern (D:8)
  An orc warrior (D:6)
  A phantom (D:8)
  A sky beast (D:8)
  An eye of draining (D:8)
  3 ogres
  A centaur (D:6)
  3 bullfrogs
  3 scorpions
  2 howler monkeys (D:6)
  A jelly (D:6)
  3 crimson imps
  A centaur zombie (D:8)
  3 orc priests
  4 hounds
  6 orc wizards
  2 worker ants
  An iguana (D:5)
  2 hound skeletons
  2 howler monkey skeletons
  8 adders
  2 oozes
  2 adder zombies
  A worm (D:3)
  2 dart slugs
  9 leopard geckos
  12 orcs
  12 giant cockroaches
  7 goblins
  8 hobgoblins
  8 jackals
  9 kobolds
  6 quokkas
  4 ball pythons
  7 bats
  3 frilled lizards
  A jackal skeleton (D:4)
  9 rats
154 creatures vanquished.

Vanquished Creatures (others)
  A quokka (D:3)
  A rat (D:2)
2 creatures vanquished.

Grand Total: 156 creatures vanquished

Notes
Turn   | Place    | Note
-------+----------+-------------------------------------------
     0 | D:1      | MajorAdolf the Naga Wanderer began the quest for the Orb.
     0 | D:1      | MajorAdolf set off with the following items: a +2 falchion,
                  | a scroll of teleportation, a potion of lignification, a +0
                  | robe, a +0 dagger, a ration
     0 | D:1      | Reached XP level 1. HP: 19/19 MP: 1/1
   176 | D:1      | Reached XP level 2. HP: 21/27 MP: 2/2
   543 | D:1      | Reached XP level 3. HP: 34/34 MP: 3/3
  1139 | D:2      | Found a glowing silver altar of Zin.
  1139 | D:2      | Noticed an angel
  1140 | D:2      | Found a shimmering altar of Xom.
  1559 | D:2      | Found a faded altar of an unknown god.
  1561 | D:2      | Reached XP level 4. HP: 44/44 MP: 4/4
  2027 | D:3      | Found a white marble altar of Elyvilon.
  2574 | D:3      | Reached XP level 5. HP: 45/51 MP: 5/5
  2577 | D:3      | Found a burning altar of Makhleb.
  2750 | D:3      | Reached skill level 4 in Stealth
  3574 | D:3      | Reached skill level 5 in Fighting
  3649 | D:3      | Reached skill level 5 in Stealth
  3740 | D:4      | Reached XP level 6. HP: 31/61 MP: 6/6
  3947 | D:5      | Entered Level 5 of the Dungeon
  4074 | D:5      | Reached skill level 1 in Axes
  4074 | D:5      | Reached skill level 6 in Stealth
  4450 | D:5      | You fall into a shaft and drop 3 floors!
  4497 | D:8      | Reached skill level 7 in Stealth
  4497 | D:8      | Reached XP level 7. HP: 50/67 MP: 7/7
  4547 | D:8      | Noticed a wyvern
  4559 | D:8      | Killed a wyvern
  4823 | D:8      | Reached skill level 8 in Stealth
  4946 | D:8      | Found an opulent altar of Gozag.
  4948 | D:8      | Noticed a hippogriff
  4960 | D:8      | Killed a hippogriff
  5247 | D:8      | Reached skill level 9 in Stealth
  5247 | D:8      | Reached XP level 8. HP: 74/74 MP: 8/8
  5281 | D:8      | Reached skill level 1 in Evocations
  5501 | D:8      | Noticed a hippogriff
  5514 | D:8      | Killed a hippogriff
  5767 | D:8      | Reached skill level 5 in Axes
  6167 | D:8      | Noticed Joseph
  6186 | D:8      | Reached skill level 10 in Stealth
  6254 | D:7      | Found Qivyn's Armour Shop.
  6364 | D:7      | Found a sacrificial altar of Ru.
  6776 | D:6      | Found a staircase to the Ecumenical Temple.
  6799 | Temple   | Entered the Ecumenical Temple
  7167 | D:8      | Became a worshipper of Gozag Ym Sagoz the Greedy
  7300 | D:7      | HP: 3/74 [orc warrior/+0 war axe (20)]
  8047 | D:5      | Found an opulent altar of Gozag.
  8151 | D:4      | Reached XP level 9. HP: 28/81 MP: 11/11
  8387 | D:4      | Learned a level 2 spell: Shroud of Golubria
  8390 | D:4      | Learned a level 2 spell: Blink
  8395 | D:4      | Learned a level 4 spell: Passage of Golubria
  9489 | D:6      | Reached skill level 1 in Translocations
  9539 | D:6      | Reached skill level 1 in Spellcasting
  9539 | D:6      | Reached skill level 1 in Charms
  9827 | D:6      | Reached skill level 11 in Stealth
 11062 | D:7      | Slain by an orc warrior

Illustrated notes

Levels and vault maps discovered:
D:1:      saegor_arrival_simple_e, layout_basic, st_stairs_13
D:2:      layout_rooms, grunt_temple_overflow_order_and_chaos_1, first_ration,
          chequers_ecumenical_altar_simple, minmay_pentomino_pile
D:3:      layout_loops_ring, nicolae_overflow_crystal_walls, elyvilon_altar_4
D:4:      layout_basic
D:5:      layout_cave_pools, kennysheep_little_box, serial_column_ruins,
          column_ruins_hut, column_ruins_open_tiny,
          column_ruins_columns_straight, column_ruins_open_medium,
          column_ruins_open_small, column_ruins_open_small,
          column_ruins_corridor_corner
D:6:      layout_layer_cave, minmay_temple_entry_mist, kennysheep_nub,
          kennysheep_generic_room_14
D:7:      layout_basic, kennysheep_mini, serial_shops, nicolae_shop_stone
D:8:      layout_loops_ring, nicolae_overflow_hidden_temple, basic_altar,
          uniq_joseph
Temple:   chequers_temple_sunken

Skill      XL: |  1  2  3  4  5  6  7  8  9 |
---------------+----------------------------+-----
Fighting       | 3 4 5 |  5.3
Stealth        | 5 7 9 10 11 | 11.2
Axes           | 2 4 5 6 |  6.4
Evocations     | 3 4 |  4.4
Translocations | 2 |  2.0
Spellcasting   | 1 |  1.7
Charms         | 1 |  1.8
Long Blades    | |  4.0
Dodging        | |  1.5

Action                   |  1- 3 |  4- 6 |  7- 9 || total
-------------------------+-------+-------+-------++-------
Melee: Falchion          |    77 |   135 |       ||   212
       Hand axe          |       |    83 |   247 ||   330
 Abil: Spit Poison       |     3 |    15 |    14 ||    32
Evoke: Wand              |       |       |     4 ||     4
  Use: Scroll            |       |     4 |     2 ||     6
       Potion            |       |       |     2 ||     2
 Stab: Sleeping          |     7 |     8 |    13 ||    28
       Distracted        |       |       |     1 ||     1
  Eat: Chunk             |     1 |     9 |     2 ||    12
       Ration            |       |       |     4 ||     4
Armor: Robe              |    17 |    57 |    43 ||   117
       Skin              |       |       |    18 ||    18
Dodge: Dodged            |    47 |   110 |   106 ||   263
       Rpst.: Falchion   |    13 |    22 |       ||    35
